 Seeded DCSS version 0.30-a0-242-g7bf8e6d787 (webtiles) character file.

Game seed: 20221011 (custom seed)

88 Nerdsrcool the Conjurer (level 4, 0/21 HPs)
             Began as a Deep Elf Conjurer on Oct 11, 2022.
             Slain by a worm (10 damage)
             ... on level 3 of the Dungeon.
             The game lasted 00:10:41 (2368 turns).

Nerdsrcool the Conjurer (Deep Elf Conjurer)         Turns: 2368, Time: 00:10:41

Health: 0/21       AC:  5    Str:  8    XL:     4   Next: 30%
Magic:  10/12      EV: 10    Int: 24    God:
Gold:   223        SH:  0    Dex: 12    Spells: 7/11 levels left

rFire   . . .      SeeInvis .    d - +0 short sword
rCold   . . .      Faith    +    (no shield)
rNeg    . . .      Spirit   .    e - +0 ring mail
rPois   .          Reflect  .    (no helmet)
rElec   .          Harm     .    (no cloak)
rCorr   .          Rampage  .    (no gloves)
Will    .....                    (no boots)
Stlth   +.........               n - amulet of faith
HPRegen 0.23/turn                (no ring)
MPRegen 0.13/turn                (no ring)

@: no status effects
A: deterioration 1, frail 1, strong 1
a: no special abilities


You were on level 3 of the Dungeon.
You visited 1 branch of the dungeon, and saw 3 of its levels.

You collected 923 gold pieces.
You spent 700 gold pieces at shops.

Inventory:

Hand Weapons
 d - a +0 short sword (weapon)
Missiles
 g - 4 javelins
 l - 2 poisoned darts
Armour
 a - a +0 robe
 e - a +0 ring mail (worn)
Jewellery
 n - an amulet of faith (around neck)
Scrolls
 f - a scroll of teleportation
Potions
 b - a potion of magic
 c - a potion of lignification
 h - a potion of curing


   Skills:
 + Level 0.1 Armour
 + Level 2.6 Dodging
 + Level 2.5 Stealth
 + Level 4.1 Spellcasting
 + Level 5.7 Conjurations


You had 7 spell levels left.
You knew the following spells:

 Your Spells              Type           Power      Damage    Failure   Level
a - Magic Dart            Conj           100%       1d8       2%          1
b - Searing Ray           Conj           64%        2d6       4%          2
c - Shock                 Conj/Air       72%        1d7       9%          1

Your spell library contained the following spells:

 Spells                   Type           Power      Damage    Failure   Level
 Dazzling Flash           Conj/Hex       36%        N/A       26%         3
 Vhi's Electric Charge    Tloc/Air       10%        N/A       65%         3
 Fulminant Prism          Conj/Hex       9%         3d7       65%         4
 Iskenderun's Mystic Bla  Conj/Tloc      18%        2d6       65%         4
 Arcjolt                  Conj/Air       9%         1d19      94%         5
 Lightning Bolt           Conj/Air       9%         1d21      94%         5
 Malign Gateway           Summ/Tloc      2%         N/A       100%        7
 Maxwell's Capacitive Co  Air            2%         ∞         100%        8


Dungeon Overview and Level Annotations

Branches:
Dungeon (3/15)

Altars:

Shops:
D:3 :


Innate Abilities, Weirdness & Mutations

Your body sometimes deteriorates upon taking damage.
You are frail. (-10% HP)
Your muscles are strong. (Str +4, Int/Dex -1)


Message History

Okay, then.
You can access your shopping list by pressing '$'.
You're already here!
You pick up Maxwell's Memoranda and begin reading...
You add the spells Vhi's Electric Charge, Arcjolt and Maxwell's Capacitive Coupling to your library.
You pick up the Guide on Gathered Lightning and begin reading...
You add the spells Shock, Lightning Bolt and Malign Gateway to your library.
Thank you for shopping at Taipeda's Book Boutique!
Memorise Shock, consuming 1 spell level and leaving 7?
You start memorising the spell.
You continue memorising.
You finish memorising.
Spell assigned to 'c'.
Okay, then.
Found a stone staircase leading down.
Found a stone staircase leading down.
There is a stone staircase leading down here.
A worm comes into view.
The magic dart hits the worm.
The worm is lightly wounded.
The zap hits the worm!
The worm is heavily wounded.
The worm bites you!
You hit the worm.
The worm is heavily wounded.
You barely miss the worm.
The worm is heavily wounded.
The worm barely misses you.
You barely miss the worm.
The worm is heavily wounded.
The worm closely misses you.
You barely miss the worm.
The worm is heavily wounded.
The zap hits the worm.
The worm is severely wounded.
The worm bites you.
You hit the worm but do no damage.
The worm is severely wounded.
You hit the worm.
The worm is almost dead.
The worm bites you!
You die...

## .. ### .. ..#
#. #.# #. #.# #.
#.# ... .
#.##.##>## #...
. #....@...# ##
...##.
#.##w##..#
...#....# #.
#>.# #....#.##
#. #..#
###.#....######.
#..#
.....†..........
#..# #.<.##.# ##
#..# # ##.###.#
#..# ###. #.#
#.# #..#


You could see a worm.

Vanquished Creatures
  4 adders (D:2)
  2 dart slugs (D:1)
  4 endoplasms
  3 giant cockroaches
  4 goblins
  5 hobgoblins
  A quokka (D:1)
  5 ball pythons
  9 bats
  4 frilled lizards
  5 kobolds
  A rat (D:1)
47 creatures vanquished.

Notes
Turn   | Place    | Note
-------+----------+-------------------------------------------
     0 | D:1      | Nerdsrcool the Deep Elf Conjurer began the quest for the
                  | Orb.
     0 | D:1      | Reached XP level 1. HP: 10/10 MP: 6/6
   322 | D:1      | Reached XP level 2. HP: 15/15 MP: 5/8
   617 | D:1      | Reached skill level 5 in Conjurations
   790 | D:1      | Reached XP level 3. HP: 19/19 MP: 7/9
   793 | D:1      | Learned a level 2 spell: Searing Ray
  1283 | D:1      | Gained mutation: Your muscles are strong. (Str +4, Int/Dex
                  | -1) [potion of mutation]
  1283 | D:1      | Gained mutation: Your body sometimes deteriorates upon
                  | taking damage. [potion of mutation]
  1283 | D:1      | Gained mutation: You are frail. (-10% HP) [potion of
                  | mutation]
  1721 | D:2      | Reached XP level 4. HP: 21/21 MP: 7/11
  2229 | D:2      | Identified a scroll of acquirement
  2230 | D:2      | Acquired 769 gold pieces
  2324 | D:3      | Found Taipeda's Book Boutique.
  2333 | D:3      | Bought Maxwell's Memoranda for 380 gold pieces
  2333 | D:3      | Bought the Guide on Gathered Lightning for 320 gold pieces
  2335 | D:3      | Learned a level 1 spell: Shock
  2368 | D:3      | Slain by a worm

Illustrated notes

Levels and vault maps discovered:
D:1:      psy_arrival_fountain, layout_basic
D:2:      layout_loops_ring, dreamdust_wishing_well
D:3:      layout_loops_ring, nicolae_overflow_hidden_temple, serial_shops, shop,
          uniq_crazy_yiuf_cottage

Skill      XL: |  1  2  3  4 |
---------------+-------------+-----
Conjurations   | 5 |  5.7
Spellcasting   | 4 |  4.1
Armour         | |  0.1
Dodging        | |  2.6
Stealth        | |  2.5

Action                   |  1- 3 |  4- 6 || total
-------------------------+-------+-------++-------
Melee: Short sword       |     1 |    13 ||    14
       Punch             |       |     1 ||     1
 Cast: Magic Dart        |    70 |    21 ||    91
       Shock             |       |     2 ||     2
  Use: Potion            |     2 |     2 ||     4
       Scroll            |     1 |     4 ||     5
Armor: Robe              |     2 |       ||     2
       Ring mail         |     4 |     3 ||     7
Dodge: Dodged            |     6 |     5 ||    11

Table legend: (Time is in decaauts)
 A = Elapsed time spent in this place.
 B = Non-inter-level travel time spent in this place.
 C = Inter-level travel time spent in this place.
 D = Time resting spent in this place.
 E = Time spent auto-exploring this place.
 F = Levels seen in this place.
 G = Mean time per level.
                   A        B        C        D        E       F      G
               +--------+--------+--------+--------+--------+-----+--------+
         Total |   2366 |   2298 |     68 |    180 |   1833 |   3 |  788.7 |
       Dungeon |   2366 |   2298 |     68 |    180 |   1833 |   3 |  788.7 |
               +--------+--------+--------+--------+--------+-----+--------+

Top non-repeatable levels by time:
     D:1: 1322 daAuts
     D:2: 975 daAuts
     D:3: 68 daAuts
